 Dungeon Crawl Stone Soup version 0.31-a0-881-ge136f0c47a (webtiles) character file.

Game seed: 17860268611503257953

231 croobank the Ruffian (level 5, -1/42 HPs)
             Began as a Demigod Shapeshifter on Oct 16, 2023.
             Slain by a gnoll
             ... wielding a +0 whip
              (5 damage)
             ... on level 2 of the Dungeon.
             The game lasted 00:04:51 (1786 turns).

croobank the Ruffian (Demigod Shapeshifter)         Turns: 1786, Time: 00:04:52

Health: -1/42      AC:  4    Str: 15    XL:     5   Next: 44%
Magic:  9/9        EV: 12    Int: 16    God:
Gold:   103        SH:  0    Dex: 13    Spells: 6/6 levels left

rFire   . .          .
                       - Unarmed
rCold   . . .        (no shield)
rNeg    . . .        l - +1 leather armour
rPois   .            (helmet currently unavailable)
rElec   .            (cloak currently unavailable)
rCorr   .            (gloves currently unavailable)
SInv    .            (boots currently unavailable)
Will    .....        (no amulet)
Stlth   +            (no ring)
HPRegen 0.27/turn    (no ring)
MPRegen 0.11/turn

%: no passive effects
@: beast-form, attractive
A: beast (slay +1), high MP 1, forlorn, divine attributes
a: Begin Untransformation


You were on level 2 of the Dungeon.
You were a hulking beast.
You visited 1 branch of the dungeon, and saw 2 of its levels.

You collected 103 gold pieces.

Inventory:

Hand Weapons
 e - a +0 spear
 h - a +0 trident
Armour
 a - a +0 animal skin
 l - a +1 leather armour (worn)
Magical Staves
 j - a staff of air
Talismans
 c - a beast talisman (active)
 d - a flux talisman
Wands
 n - a wand of flame (13)


   Skills:
 + Level 2.4 Fighting
 + Level 2.9 Dodging
 + Level 3.6 Unarmed Combat
 + Level 1.4 Spellcasting
 + Level 3.4 Shapeshifting


You had 6 spell levels left.
You didn't know any spells.
Your spell library contained the following spells:

 Spells                   Type           Power      Damage    Failure   Level
 Ensorcelled Hibernation  Hex/Ice        2%         N/A       38%         2
 Passwall                 Tmut/Erth      0%         N/A       38%         2
 Swiftness                Air            1%         N/A       63%         3
 Summon Forest            Summ/Tloc      0%         N/A       100%        5
 Eringya's Noxious Bog    Tmut/Pois      0%         4d6       100%        6
 Summon Hydra             Summ           0%         N/A       100%        7


Dungeon Overview and Level Annotations

Branches:
Dungeon (2/15)


Innate Abilities, Weirdness & Mutations

You are a hulking beast.
Your limbs bulge with bestial killing power. (Slay +1)
You have an increased reservoir of magic. (+10% MP)
You shall have no god before yourself.
Your divine heritage dramatically boosts your attributes as you level up.


Message History

The gnoll hits you with a +0 whip.
* * * LOW HITPOINT WARNING * * *
You hit the gnoll but do no damage. Your punch misses the gnoll.
The gnoll is lightly wounded.
The gnoll closely misses you.
You hit the gnoll but do no damage.
The gnoll is lightly wounded.
The gnoll completely misses you.
You hit the gnoll but do no damage.
The gnoll is lightly wounded.
The gnoll barely misses you.
You aren't carrying any scrolls.
You feel better. The gnoll barely misses you.
Aiming: Throw Flame
Press: ? - help, Shift-Dir - straight line, f - gnoll
Aim: a gnoll, wielding a +0 whip and wearing a +0 chain mail (lightly wounded, 81% to hit)
The puff of flame hits the gnoll but does no damage.
The gnoll is lightly wounded.
The gnoll barely misses you.
Aiming: Throw Flame
Press: ? - help, Shift-Dir - straight line, f/p - gnoll
Aim: a gnoll, wielding a +0 whip and wearing a +0 chain mail (lightly wounded, 81% to hit)
The puff of flame misses the gnoll. x2; The gnoll hits you with a +0 whip.
* * * LOW HITPOINT WARNING * * *
You feel better. The gnoll hits you but does no damage.
You barely miss the gnoll. Your punch misses the gnoll.
The gnoll is lightly wounded.
The gnoll hits you with a +0 whip.
* * * LOW HITPOINT WARNING * * *
It was a potion of attraction.
You feel attractive to monsters. The gnoll hits you with a +0 whip!
* * * LOW HITPOINT WARNING * * *
Aiming: Throw Flame
Press: ? - help, Shift-Dir - straight line, f/p - gnoll
Aim: a gnoll, wielding a +0 whip and wearing a +0 chain mail (lightly wounded, 81% to hit)
The puff of flame hits the gnoll but does no damage.
The gnoll is lightly wounded.
The gnoll hits you with a +0 whip.
You die...

##.#.###.# #.#
...#.###.############.#
...#.#................#
...#.#.####...#########
...#.#.# ###.# ##.#.#.#
#.# #.#.#.# #.# #.#.#.#
#.######### ##.#.#.#
#...hgg...## ...#.#.#
#########..###
####.#.###############...#
#.#...........g....##..#
#.#................# #.#
#.#.........g......# .#
#.#............g...# .
#.#####....####'#### #
####.# #....# #.#


You could see 2 gnolls.

Vanquished Creatures
  Sigmund (D:2)
  An adder (D:2)
  3 gnolls
  2 bats (D:1)
  5 endoplasms
  2 goblins
  A hobgoblin (D:1)
  7 jackals (D:1)
  2 kobolds (D:1)
  2 ball pythons (D:1)
  A rat (D:1)
27 creatures vanquished.

Notes
Turn   | Place    | Note
-------+----------+-------------------------------------------
     0 | D:1      | croobank the Demigod Shapeshifter began the quest for the
                  | Orb.
     0 | D:1      | Reached XP level 1. HP: 15/15 MP: 3/3
    18 | D:1      | Reached skill level 1 in Fighting
    66 | D:1      | Reached XP level 2. HP: 23/23 MP: 4/4
   916 | D:1      | Reached XP level 3. HP: 28/28 MP: 5/5
  1132 | D:2      | Noticed Sigmund
  1403 | D:2      | Killed Sigmund
  1404 | D:2      | Reached skill level 1 in Spellcasting
  1404 | D:2      | Reached XP level 4. HP: 20/37 MP: 5/8
  1404 | D:2      | Reached XP level 5. HP: 23/42 MP: 5/9
  1786 | D:2      | Slain by a gnoll

Illustrated notes

Levels and vault maps discovered:
D:1:      minmay_arrival_plants_in_alcoves, layout_basic,
          dreamdust_ecumenical_altar_grove
D:2:      layout_basic, uniq_sigmund

Skill      XL: |  1  2  3 |
---------------+----------+-----
Fighting       | 1 2 |  2.4
Dodging        | 2 |  2.9
Unarmed Combat | 3 |  3.6
Shapeshifting  | 3 |  3.4
Spellcasting   | 1 |  1.4

Action                     |  1- 3 |  4- 6 || total
---------------------------+-------+-------++-------
  Melee: Unarmed           |    96 |    28 ||   124
         Punch             |     1 |       ||     1
  Evoke: Wand              |       |     3 ||     3
    Use: Scroll            |     4 |       ||     4
         Potion            |     2 |     3 ||     5
   Stab: Sleeping          |     1 |       ||     1
 Armour: Animal skin       |    29 |       ||    29
         Leather armour    |    27 |    18 ||    45
         Skin              |     6 |       ||     6
  Dodge: Dodged            |    52 |    13 ||    65

Table legend: (Time is in decaauts)
 A = Elapsed time spent in this place.
 B = Non-inter-level travel time spent in this place.
 C = Inter-level travel time spent in this place.
 D = Time resting spent in this place.
 E = Time spent auto-exploring this place.
 F = Levels seen in this place.
 G = Mean time per level.
                   A        B        C        D        E       F      G
               +--------+--------+--------+--------+--------+-----+--------+
         Total |   1778 |   1742 |     36 |    420 |    981 |   2 |  889.0 |
       Dungeon |   1778 |   1742 |     36 |    420 |    981 |   2 |  889.0 |
               +--------+--------+--------+--------+--------+-----+--------+

Top non-repeatable levels by time:
     D:1: 1103 daAuts
     D:2: 675 daAuts
